 Dungeon Crawl Stone Soup version 0.29.1-2-gbd0b4ee654 (webtiles) character file.

Game seed: 5205137502664157066

846 H0rd4k the Insei (level 8, -3/54 HPs)
             Began as an Octopode Artificer on Nov 18, 2022.
             Killed from afar by an orc wizard (19 damage)
             ... with a puff of flame
             ... on level 6 of the Dungeon.
             The game lasted 00:07:33 (6756 turns).

H0rd4k the Insei (Octopode Artificer)               Turns: 6756, Time: 00:07:34

Health: -3/54      AC:  1    Str: 11    XL:     8   Next: 0%
Magic:  12/12      EV: 14    Int: 21    God:
Gold:   312        SH:  0    Dex: 19    Spells: 10/13 levels left

rFire   x . .      SeeInvis .     - Unarmed
rCold   + . .      Faith    .   (no shield)
rNeg    . . .      Spirit   .   (helmet restricted)
rPois   .          Reflect  .   (no amulet)
rElec   .          Harm     .   a - ring of resist corrosion
rCorr   +          Rampage  .   m - ring of ice
Will    .....                   x - +6 ring of intelligence
Stlth   +++.......              z - +6 ring of dexterity
HPRegen 0.18/turn               (no ring)
MPRegen 0.13/turn               (no ring)
                                (no ring)
                                (no ring)

@: no status effects
A: almost no armour, amphibious, 8 rings, camouflage 1, gelatinous body 1,
(nimble swimmer 1), tentacles
a: no special abilities


You were on level 6 of the Dungeon.
You visited 1 branch of the dungeon, and saw 6 of its levels.

You collected 312 gold pieces.

Inventory:

Hand Weapons
 l - a +4 dagger of electrocution
Missiles
 n - 26 poisoned darts
Magical Staves
 w - a staff of death
Jewellery
 a - a ring of resist corrosion (left tentacle)
 m - a ring of ice (right tentacle)
 x - a +6 ring of intelligence (on tentacle)
 z - a +6 ring of dexterity (on tentacle)
Wands
 b - a wand of flame (14) (quivered)
 c - a wand of charming (7)
 d - a wand of iceblast (3)
Scrolls
 e - a scroll of blinking {unknown}
 f - 6 scrolls of identify {unknown}
 h - 3 scrolls of teleportation {unknown}
 i - a scroll of immolation {unknown}
 j - 2 scrolls of amnesia {unknown}
 k - a scroll of acquirement {unknown}
 o - a scroll of noise {unknown}
 p - a scroll of fear {unknown}
 t - a scroll of enchant weapon {unknown}
 y - a scroll of poison {unknown}
Potions
 g - a potion of invisibility {unknown}
 q - a potion of mutation {unknown}
 r - a potion of might {unknown}
 s - a potion of brilliance {unknown}
 u - a potion of curing {unknown}
 v - a potion of degeneration {unknown}


   Skills:
 + Level 3.8 Fighting
 - Level 2.3 Dodging
 - Level 1.3 Stealth
 + Level 5.9 Unarmed Combat
 * Level 3.0 Spellcasting
 + Level 2.1 Transmutations
 + Level 2.3 Poison Magic
 - Level 3.2 Evocations


You had 10 spell levels left.
You knew the following spells:

 Your Spells              Type           Power      Damage    Failure   Level
a - Spider Form           Tmut/Pois      12%        N/A       16%         3

Your spell library contained the following spells:

 Spells                   Type           Power      Damage    Failure   Level
 Beastly Appendage        Tmut           24%        N/A       5%          1
 Wereblood                Tmut           12%        N/A       9%          2
 Magic Dart               Conj           12%        1d3       13%         1
 Searing Ray              Conj           6%         2d4       21%         2
 Ignite Poison            Fire/Tmut/Pois 9%         N/A       22%         3
 Conjure Flame            Conj/Fire      3%         6-21      36%         3
 Fulminant Prism          Conj/Hex       1%         3d6       78%         4
 Sticky Flame             Conj/Fire      3%         2d3       78%         4


Dungeon Overview and Level Annotations

Branches:
Dungeon (6/15)
 Temple: D:4-7

Altars:
Fedhas
Nemelex Xobeh
Okawaru
Qazlal
Sif Muna
Trog
Uskayaw
Xom

Annotations:
D:2 exclusion: downstairs
D:4 exclusion: 2 downstairs
D:5 Edmund
D:6 exclusion: ogre


Innate Abilities, Weirdness & Mutations

You cannot wear most types of armour.
You are amphibious.
You can wear up to eight rings at the same time.
Your skin changes colour to match your surroundings (Stealth+).
Your rubbery body absorbs attacks. (AC +1, EV +1)
((You are camouflaged when in or above water. (Stealth+)))
You have tentacles for arms and can constrict up to eight enemies at once.


Message History

The hound bites you but does no damage.
You hit the hound.
You kill the hound!
Your Spellcasting skill increases to level 3!
You see here a hound corpse.
Your transformation is almost over.
Your transformation has ended.
You now have 312 gold pieces (gained 14).
f - 6 scrolls labelled NAL DAOSTRA (gained 1) 2 orc wizards come into view.
An orc wizard is wielding a +1 dagger of venom.
There are monsters nearby!
Press: ? - help, v - describe, . - travel
Here: an orc wizard, wielding a +1 dagger of venom and wearing a +0 robe (asleep)
The floor.
An orc wizard comes into view. It is wielding a +0 dagger.
Found a stone staircase leading up.
The orc wizard shouts! x2
The orc wizard gestures wildly while chanting.
The orc wizard flickers and vanishes!
Deactivating autopickup; reactivate with Ctrl-A.
Aiming: Iceblast
Press: ? - help, Shift-Dir - straight line, f - orc wizard
Aim: an orc wizard, wielding a +0 dagger and wearing a +0 robe The mass of ice explodes!
The iceblast engulfs the orc wizard!!
You kill the orc wizard!
An orc comes into view. It is wielding a +0 whip.
The orc wizard points at you and mumbles some strange words.
The puff of flame hits you! The fire burns you terribly!
You have reached level 8!
A magic dart appears from out of thin air!
The magic dart hits you!
A magic dart appears from out of thin air!
The magic dart hits you!
The orc wizard points at you and mumbles some strange words.
The puff of flame hits you! The fire burns you terribly!
* * * LOW HITPOINT WARNING * * *
A puff of flame appears from out of thin air!
The puff of flame hits you!! The fire burns you terribly!
You die...

#o....###....[#
#...###.......##
#...###........###
#...##...........#
#...##....###..####
#.######..##......# .
#.#####...........##....
#....{.............!....#
###.#.#####..@..####.#...O
#.....## #.###.####... ..
#......# #.#..>#....#..
#......# #.#.###....#....
####......# #.#...#....#
... ..........#
#.#...#....# ..
####......# #..........#
#......######........#
#...........#..#...###


There were no monsters in sight!

Vanquished Creatures
  A black bear (D:4)
  A centaur (D:5)
  A scorpion (D:5)
  3 vampire bats (D:4)
  2 howler monkeys
  2 hounds
  An orc priest (D:5)
  2 iguanas (D:4)
  3 orc wizards
  5 adders
  2 gnolls (D:3)
  A shadow imp (D:5)
  A white imp (D:5)
  An ufetubus (D:3)
  4 worms
  4 dart slugs
  4 orcs
  12 bats
  9 endoplasms
  3 giant cockroaches
  4 hobgoblins
  3 jackals (D:1)
  6 kobolds
  4 quokkas
  6 ball pythons
  2 frilled lizards
  5 goblins
  4 rats
96 creatures vanquished.

Vanquished Creatures (collateral kills)
  An orc priest (D:4)
  An orc (D:4)
  A ball python (D:1)
  A kobold (D:1)
  A bat (D:4)
  A frilled lizard (D:1)
6 creatures vanquished.

Vanquished Creatures (others)
  An iguana (D:5)
  A gnoll (D:3)
  A hobgoblin (D:1)
3 creatures vanquished.

Grand Total: 105 creatures vanquished

Notes
Turn   | Place    | Note
-------+----------+-------------------------------------------
     0 | D:1      | H0rd4k the Octopode Artificer began the quest for the Orb.
     0 | D:1      | Reached XP level 1. HP: 13/13 MP: 1/1
    48 | D:1      | Found a faded altar of an unknown god.
    53 | D:1      | Reached XP level 2. HP: 18/18 MP: 2/2
   362 | D:1      | Reached skill level 1 in Spellcasting
  1044 | D:1      | Reached XP level 3. HP: 17/24 MP: 4/4
  1453 | D:1      | Reached skill level 1 in Unarmed Combat
  1899 | D:2      | Learned a level 3 spell: Spider Form
  2052 | D:2      | Found an iron altar of Okawaru.
  2241 | D:2      | You fall into a shaft and drop 1 floor!
  2261 | D:3      | Reached XP level 4. HP: 25/30 MP: 6/6
  3502 | D:3      | Reached skill level 2 in Unarmed Combat
  4067 | D:4      | Reached skill level 1 in Transmutations
  4116 | D:4      | Reached skill level 1 in Poison Magic
  4116 | D:4      | Reached XP level 5. HP: 17/35 MP: 7/7
  4159 | D:4      | Reached skill level 3 in Unarmed Combat
  4159 | D:4      | Reached XP level 6. HP: 14/42 MP: 7/9
  4175 | D:4      | HP: 3/63 [frozen (2)]
  4519 | D:4      | Noticed a black bear
  4533 | D:4      | Killed a black bear
  5007 | D:4      | Found a shimmering blue altar of Sif Muna.
  5007 | D:4      | Found a hide-covered altar of Uskayaw.
  5372 | D:5      | Entered Level 5 of the Dungeon
  5387 | D:5      | Reached skill level 4 in Unarmed Combat
  5387 | D:5      | Reached XP level 7. HP: 34/46 MP: 10/10
  5776 | D:5      | Reached skill level 5 in Unarmed Combat
  6186 | D:5      | Found a blossoming altar of Fedhas.
  6187 | D:5      | Found a sparkling altar of Nemelex Xobeh.
  6187 | D:5      | Found a bloodstained altar of Trog.
  6187 | D:5      | Found a shimmering altar of Xom.
  6194 | D:5      | Identified the +2 mace of Ypol {vorpal, Will+ Str+6}
  6222 | D:5      | Noticed Edmund
  6475 | D:5      | Noticed a fire elemental
  6477 | D:5      | Found a stormy altar of Qazlal.
  6479 | D:5      | Noticed an air elemental
  6479 | D:5      | Noticed a water elemental
  6508 | D:5      | You fall into a shaft and drop 1 floor!
  6740 | D:6      | Reached XP level 8. HP: 40/54 MP: 12/12
  6756 | D:6      | Killed from afar by an orc wizard

Illustrated notes

Levels and vault maps discovered:
D:1:      dpeg_arrival_yet_another_circle, layout_basic,
          ebering_ecumenical_altar_rust, st_stairs_13, minmay_tetromino_l2
D:2:      layout_basic, basic_altar
D:3:      layout_loops_cross
D:4:      layout_basic, gammafunk_temple_overflow_pools,
          kennysheep_cluttered_room, roderic_batcave, minmay_surrounded
D:5:      layout_rooms, nicolae_qazlal_style_of_elements,
          chequers_temple_overflow_statue_of_worship, mainiacjoe_overflow_paths,
          eino_small_chamber_without_monster, minmay_misc_feat_four_crosses,
          uniq_edmund
D:6:      minmay_flawed_box, layout_basic, temple_fountains, serial_shops,
          nicolae_square_shop, kennysheep_mini_moat, dreamdust_wishing_well

Skill      XL: |  1  2  3  4  5  6  7 |
---------------+----------------------+-----
Spellcasting   | 1 2 3 |  3.0
Fighting       | 2 3 |  3.8
Unarmed Combat | 1 2 3 4 5 |  5.9
Transmutations | 1 2 |  2.1
Poison Magic   | 1 2 |  2.3
Dodging        | |  2.3
Stealth        | |  1.3
Evocations     | |  3.2

Action                   |  1- 3 |  4- 6 |  7- 9 || total
-------------------------+-------+-------+-------++-------
Melee: Unarmed           |   112 |   129 |    43 ||   284
       Tentacles         |    25 |    21 |     8 ||    54
       Constrict         |    28 |    25 |     6 ||    59
       Punch             |     6 |     3 |     4 ||    13
 Cast: Spider Form       |       |     1 |     5 ||     6
Evoke: Wand              |     2 |     7 |     2 ||    11
  Use: Potion            |       |     4 |       ||     4
 Stab: Sleeping          |    11 |    10 |     1 ||    22
Armor: Skin              |    14 |    48 |     5 ||    67
Dodge: Dodged            |    77 |    98 |    36 ||   211
